 Dungeon Crawl Stone Soup version 0.31.0-9-g3a7656b989 (webtiles) character file.

Game seed: 2161416603231466344

63 qw the Shooter (level 3, -8/29 HPs)
             Began as a Demigod Hunter on Feb 2, 2024.
             Mangled by a gnoll
             ... wielding a +0 flail
              (9 damage)
             ... on level 2 of the Dungeon.
             The game lasted 00:00:03 (743 turns).

qw the Shooter (Demigod Hunter)                      Turns: 743, Time: 00:00:03

Health: -8/29      AC:  3    Str: 12    XL:     3   Next: 63%
Magic:  5/5        EV: 12    Int: 11    God:
Gold:   68         SH:  0    Dex: 21    Spells: 2/2 levels left

rFire   . . .        a - +0 shortbow
rCold   . . .        (shield currently unavailable)
rNeg    . . .        c - +0 leather armour
rPois   .            (no helmet)
rElec   .            (no cloak)
rCorr   .            (no gloves)
SInv    .            (no boots)
Will    .....        (no amulet)
Stlth   ++           (no ring)
HPRegen 0.24/turn    (no ring)
MPRegen 0.09/turn

%: no passive effects
@: no status effects
A: high MP 1, forlorn, divine attributes
a: no special abilities


You were on level 2 of the Dungeon.
You visited 1 branch of the dungeon, and saw 2 of its levels.

You collected 68 gold pieces.


Innate Abilities, Weirdness & Mutations

You have an increased reservoir of magic. (+10% MP)
You shall have no god before yourself.
Your divine heritage dramatically boosts your attributes as you level up.


   Skills:
 - Level 2.0 Fighting
 + Level 4.8 Ranged Weapons
 - Level 2.0 Dodging
 - Level 0.8 Stealth


You had 2 spell levels left.
You didn't know any spells.
Your spell library was empty.

Inventory:

Hand Weapons
 a - a +0 shortbow (weapon)
Armour
 c - a +0 leather armour (worn)

Dungeon Overview and Level Annotations

Branches:
Dungeon (2/15)

Shops:
D:1 !


Message History

You see here 12 gold pieces.
You shoot an arrow. The arrow hits the ball python.
You kill the ball python!
You now have enough gold to buy a potion of enlightenment on D:1.
You can access your shopping list by pressing '$'.
You now have 68 gold pieces (gained 12).
Things that are here:
a +2 spear of flaming; a gnoll corpse 3 gnolls come into view.
The gnoll moves out of view.
You shoot an arrow. The arrow barely misses the gnoll.
The gnoll shouts!
You hear a shout!
Enter note: You shoot an arrow.
The arrow hits the gnoll.
The gnoll is moderately wounded.
You shoot an arrow. The arrow hits the gnoll.
The gnoll is moderately wounded.
You shoot an arrow. The arrow closely misses the gnoll.
You shoot an arrow. The arrow hits the gnoll!
The gnoll is almost dead.
You shoot an arrow. The arrow hits the gnoll!
You kill the gnoll!
You shoot an arrow. The arrow hits the gnoll!
The gnoll is severely wounded.
The gnoll barely misses you. x2
A goblin comes into view. It is wielding a +0 club.
You shoot an arrow. The goblin shouts!
The arrow hits the gnoll.
The gnoll is almost dead.
The gnoll hits you with a +0 flail! x2; The gnoll barely misses you.
The gnoll hits you but does no damage.
You shoot an arrow. The arrow closely misses the gnoll.
The gnoll hits you with a +0 flail! The gnoll hits you with a +0 flail.
You shoot an arrow. The arrow closely misses the gnoll.
The gnoll closely misses you. The gnoll misses you.
You shoot an arrow. The arrow completely misses the gnoll.
The gnoll completely misses you. The gnoll hits you with a +0 flail!
You die...

#...#........###........
#...#........# .......
#............## ......
#.............####......
.......................
........<..............
..............)........
#..............###...
......#######@# .....
#gg...... ..# #........
#....g... .....#...
...... .. .....#. #
......#..'


You could see 2 gnolls and a goblin.

Vanquished Creatures
  2 gnolls (D:2)
  5 bats (D:1)
  3 endoplasms (D:1)
  A giant cockroach (D:1)
  8 goblins
  3 hobgoblins
  2 jackals (D:1)
  5 kobolds (D:1)
  2 quokkas
  7 ball pythons
  A frilled lizard (D:1)
  2 rats (D:1)
41 creatures vanquished.

Notes
Turn   | Place    | Note
-------+----------+-------------------------------------------
     0 | D:1      | qw the Demigod Hunter began the quest for the Orb.
     0 | D:1      | Reached XP level 1. HP: 17/17 MP: 3/3
     0 | D:1      | 0 ||| qw: Version: 0.3-a-155-g5e7d8dd
     0 | D:1      | 0 ||| qw: Game counter: 443
     0 | D:1      | 0 ||| qw: Melee chars always use a shield: true
     0 | D:1      | 0 ||| qw: God list: Okawaru
     0 | D:1      | 0 ||| qw: Allow faded altars: false
     0 | D:1      | 0 ||| qw: Do Orc after clearing Dungeon:15 true
     0 | D:1      | 0 ||| qw: Do second Lair branch before Depths: true
     0 | D:1      | 0 ||| qw: Lair rune preference: random
     0 | D:1      | 0 ||| qw: Goals: Normal
     0 | D:1      | 0 ||| PLANNING D:1-11
    91 | D:1      | Reached skill level 4 in Ranged Weapons
   120 | D:1      | Reached XP level 2. HP: 24/24 MP: 4/4
   242 | D:1      | Found Ownykk's Distillery.
   249 | D:1      | 249 ||| SHOPLISTING 2 potions of enlightenment (130 gold,
                  | have 34).
   249 | D:1      | 249 ||| SHOPLISTING 3 potions of haste (390 gold, have 34).
   249 | D:1      | 249 ||| SHOPLISTING potion of curing (39 gold, have 34).
   249 | D:1      | 249 ||| SHOPLISTING potion of enlightenment (65 gold, have
                  | 34).
   249 | D:1      | 249 ||| SHOPLISTING potion of haste (130 gold, have 34).
   249 | D:1      | 249 ||| SHOPLISTING potion of might (52 gold, have 34).
   249 | D:1      | 249 ||| SHOPLISTING potion of resistance (130 gold, have
                  | 34).
   554 | D:1      | Reached XP level 3. HP: 29/29 MP: 5/5
   621 | D:1      | 621 ||| READING scroll labelled OJANGOLOOR.
   622 | D:1      | 622 ||| READING scroll labelled HUIM EBOENK.
   623 | D:1      | 623 ||| DROPPING scroll of butterflies.
   741 | D:2      | HP: 6/29 [gnoll/+0 flail (7)]
   741 | D:2      | HP: 1/29 [gnoll/+0 flail (5)]
   743 | D:2      | Mangled by a gnoll

Levels and vault maps discovered:
D:1:      dpeg_arrival_leaves_temple_mockup, layout_loops_cross, serial_shops,
          shop
D:2:      minmay_evil_eye, layout_basic

Skill      XL: |  1  2  3 |
---------------+----------+-----
Ranged Weapons | 4 |  4.8
Fighting       | 2 |  2.0
Dodging        | 2 |  2.0
Stealth        | |  0.8

Action                     || total
---------------------------++-------
   Fire: Shortbow          ||    98
    Use: Scroll            ||     2
 Armour: Leather armour    ||    16
  Dodge: Dodged            ||    27

Table legend:
 A = Non-vault XP
 B = Vault XP
 C = Vault XP percentage of total XP
 D = Non-vault monster count
 E = Vault monster count
 F = Vault count percentage of total count
                 A         B        C        D         E       F
            +---------+---------+-------+---------+---------+-------
      Total |      91 |       0 |   0.0 |      41 |       0 |   0.0
            +---------+---------+-------+---------+---------+-------
        D:1 |      54 |       0 |   0.0 |      34 |       0 |   0.0
        D:2 |      37 |       0 |   0.0 |       7 |       0 |   0.0
            +---------+---------+-------+---------+---------+-------
